 Dungeon Crawl Stone Soup version 0.14.0-20-g75a2fc2 (webtiles) character file.

119 Gravenous the Changer (level 3, 0/23 HPs)
             Began as an Octopode Transmuter on Apr 21, 2014.
             Slain by a giant frog (2 damage)
             ... on Level 2 of the Dungeon.
             The game lasted 00:02:40 (1567 turns).

Gravenous the Changer (Octopode Transmuter)         Turns: 1567, Time: 00:02:41

HP   0/23        AC  1     Str 12      XL: 3   Next: 50%
MP   6/6         EV 12     Int 16      God:
Gold 79          SH  0     Dex 12      Spells:  1 memorised,  5 levels left

rFire  . . .     SeeInvis .       - Unarmed
rCold  . . .     Clarity  .     (no shield)
rNeg   . . .     Conserve .     (helmet restricted)
rPois  .         rCorr    .     (no amulet)
rElec  .         rRot     .     p - +3 ring of strength
SustAb . .       Spirit   .     (no ring)
rMut   .         Warding  .     (no ring)
Saprov . . .     Stasis   .     (no ring)
MR     .....                    (no ring)
                                (no ring)
                                (no ring)
                                (no ring)

@: hasted, very quick, not resistant to hostile enchantments, fairly stealthy
A: almost no armour, amphibious, 8 rings, constrict 8, camouflage 1, gelatinous
body 1
a: no special abilities


You were on level 2 of the Dungeon.
You were very hungry.

You visited 1 branch of the dungeon, and saw 2 of its levels.

You collected 79 gold pieces.

Inventory:

Missiles
 b - 12 arrows
Comestibles
 a - 2 bread rations
 g - a rotting chunk of worm flesh
 j - a banana
 l - a pear
 n - 2 apples
 q - a lychee
Scrolls
 f - a scroll of fog {unknown}
 i - a scroll of remove curse
 o - a scroll of identify
 r - a scroll of enchant weapon I {unknown}
Jewellery
 p - a +3 ring of strength (left tentacle)
Potions
 c - a potion of might {unknown}
 e - a potion of degeneration
 h - 2 potions of curing
 k - a potion of agility {unknown}
 m - a potion of haste
Books
 d - a book of Changes

   Spells                             Type                      Level
   *Beastly Appendage                 Transmutation                1
   Sticks to Snakes                   Transmutation                2
   Spider Form                        Transmutation/Poison         3
   Ice Form                           Ice/Transmutation            4
   Blade Hands                        Transmutation                5


   Skills:
 - Level 1.0 Fighting
 + Level 2.5 Dodging
 - Level 3.0 Unarmed Combat
 - Level 2.0 Spellcasting
 * Level 3.4 Transmutations


You had 5 spell levels left.
You knew the following spells:

 Your Spells              Type           Power        Failure   Level  Hunger
a - Beastly Appendage     Trmt           ##....       8%          1    #......


Dungeon Overview and Level Annotations

Branches:
Dungeon (2/15)

Altars:


Innate Abilities, Weirdness & Mutations

You cannot wear most types of armour.
You are amphibious.
You can wear up to eight rings at the same time.
You can use your tentacles to constrict many enemies at once.
Your skin changes colour to match your surroundings (Stlth).
Your rubbery body absorbs attacks (AC +1).


Message History

Okay, then.
Read which item? (? for menu, Esc to quit)
As you read the scroll labeled IRECVI FAJOQO, it crumbles to dust.
It is a scroll of identify.
Identify which item? (\ to view known items) (? for menu, Esc to quit)
i - a scroll of remove curse Identify which item? (\ to view known items) (? for menu, Esc to quit)
e - a potion of degeneration Identify which item? (\ to view known items) (? for menu, Esc to quit)
h - 3 potions of curing The giant frog hits you.
* * * LOW HITPOINT WARNING * * *
The giant frog closely misses you.
Drink which item? (? for menu, Esc to quit)
You feel better. The giant frog hits you!
* * * LOW HITPOINT WARNING * * *
Drink which item? (? for menu, Esc to quit)
You feel yourself speed up.
It was a potion of haste.
The giant frog misses you. The giant frog hits you.
You die...

#.#.# #...# ....# #..g#
....#######...########
#.#..................###
........................
..#.............r....S.#
#.#.#######...##g##.....
)...# #...##F# .. ..###
#...##@# ###
#...##....S...#
#...#########. #...#
.#..


You could see a giant frog, an adder (sleeping), a quokka and a goblin.

Vanquished Creatures
  A worm (D:2)
  2 goblins (D:1)
  3 hobgoblins (D:1)
  6 jackals
  7 kobolds
  8 bats
  3 giant newts
  A rat (D:2)
31 creatures vanquished.

Notes
Turn   | Place    | Note
--------------------------------------------------------------
     0 | D:1      | Gravenous, the Octopode Transmuter, began the quest for the Orb.
     0 | D:1      | Reached XP level 1. HP: 13/13 MP: 3/3
   274 | D:1      | Reached XP level 2. HP: 16/18 MP: 4/4
  1266 | D:2      | Reached XP level 3. HP: 23/23 MP: 6/6
  1555 | D:2      | Noticed a giant frog
  1567 | D:2      | Slain by a giant frog

Action                   || total
-------------------------++-------
Melee: Unarmed           ||    79
 Cast: Beastly Appendage ||     6
  Use: Potion            ||     2
       Scroll            ||     1
 Stab: Sleeping          ||     3
